 Dungeon Crawl Stone Soup version 0.28-a0-9-g1e78e81 (webtiles) character file.

Game seed: 11550130790350717480

3423 Dect the Carver (level 10, -12/76 HPs)
             Began as a Vine Stalker Berserker on July 24, 2021.
             Was a High Priest of Trog.
             Mangled by a yak (14 damage)
             ... on level 7 of the Dungeon.
             The game lasted 00:14:38 (6235 turns).

Dect the Carver (Vine Stalker Berserker)            Turns: 6235, Time: 00:14:39

Health: -12/76     AC: 11    Str: 19    XL:     10   Next: 5%
Magic:  0/11       EV: 11    Int:  7    God:    Trog [*****.]
Gold:   360        SH: 11    Dex: 22    Spells: 9/9 levels left

rFire   . . .      SeeInvis +   g - +0 demon blade (freeze)
rCold   + . .      Faith    .   m - +0 kite shield
rNeg    . . .      Spirit   +   y - +3 ring mail of Hairiness {rC+ rCorr Dex+4 SInv}
rPois   .          Reflect  .   (no helmet)
rElec   .          Harm     .   (no cloak)
rCorr   +          Rampage  .   j - +0 pair of gloves
Will    +....                   l - +0 pair of boots
Stlth   ..........              (no amulet)
HPRegen 1.22/turn               (no ring)
MPRegen 0.12/turn               (no ring)

@: berserking (expiring), very quick
A: fangs 3, regeneration 1, magic shield, antimagic bite, no potion heal 2
a: Renounce Religion, Berserk, Trog's Hand, Brothers in Arms


You were on level 7 of the Dungeon.
You worshipped Trog.
Trog was extremely pleased with you.
You visited 1 branch of the dungeon, and saw 7 of its levels.
You also visited: Sewer and Ossuary.

You collected 360 gold pieces.

Inventory:

Hand Weapons
 a - a +1 falchion
 g - a +0 demon blade of freezing (weapon)
Missiles
 c - 40 poisoned darts (quivered)
 p - 7 atropa-tipped darts
 G - a throwing net
 J - 2 curare-tipped darts
Armour
 b - a +0 animal skin
 d - a +0 scale mail
 j - a +0 pair of gloves (worn)
 l - a +0 pair of boots (worn)
 m - a +0 kite shield (worn)
 q - a +0 scale mail
 y - the +3 ring mail of Hairiness (worn) {rC+ rCorr Dex+4 SInv}
   (You found it in an ossuary)

   Dex:       It affects your dexterity (+4).
   rC:        It protects you from cold.
   SInv:      It lets you see invisible.
   rCorr:     It protects you from acid and corrosion.
Jewellery
 s - a ring of protection from cold
 C - a ring of ice
 H - a ring of ice
Wands
 M - a wand of iceblast (6)
Scrolls
 e - 3 scrolls of fear
 h - a scroll of noise
 k - 2 scrolls of enchant weapon
 o - a scroll of immolation {unknown}
 r - 2 scrolls of magic mapping
 t - 2 scrolls of teleportation {unknown}
 v - a scroll of brand weapon {unknown}
 w - 3 scrolls of amnesia
 B - 2 scrolls of enchant armour {unknown}
 E - a scroll of fog {unknown}
 K - a scroll of vulnerability {unknown}
Potions
 f - 3 potions of haste
 i - a potion of attraction
 n - 5 potions of curing
 u - 4 potions of brilliance {unknown}
 x - 2 potions of might
 z - a potion of lignification
 A - 2 potions of mutation {unknown}
 D - a potion of experience {unknown}
 F - a potion of heal wounds
 I - a potion of flight
 L - a potion of resistance {unknown}
 N - 2 potions of degeneration {unknown}


   Skills:
 + Level 5.3 Fighting
 + Level 8.2 Long Blades
 + Level 4.2 Armour
 + Level 3.5 Dodging
 * Level 6.9 Shields


You had 9 spell levels left.
You didn't know any spells.
Your spell library was empty.

Dungeon Overview and Level Annotations

Branches:
Dungeon (7/15)             Temple (0/1) D:4           Sewer (visited)
Ossuary (visited)

Altars:
Ashenzari
Fedhas
Makhleb
Ru

Annotations:
D:7 1 transporter, PidgeyThePirate's ghost, novice FoFi


Innate Abilities, Weirdness & Mutations

You have razor-sharp teeth.
Your natural rate of healing is unusually fast.
When hurt, damage is shared between your health and your magic reserves.
Your bite disrupts and absorbs the magic of your enemies.
Potions cannot restore your health.


Message History

You bite the moth of wrath! You drain its power.
You feel invigorated.
The moth of wrath is severely wounded.
You block the bullfrog's attack. The yak gores you!
The water moccasin bites you! The bullfrog hits you!
* * * LOW HITPOINT WARNING * * *
PidgeyThePirate's ghost hits you!
* * * LOW HITPOINT WARNING * * *
The moth of wrath bites you but does no damage.
You are too injured to fight recklessly!
Unknown command.
You are too injured to fight recklessly!
Unknown command.
You are too injured to fight recklessly!
Unknown command.
You are too injured to fight recklessly!
Unknown command.
You barely miss the moth of wrath.
The moth of wrath is severely wounded.
The water moccasin closely misses you. The yak gores you!
* * * LOW HITPOINT WARNING * * *
You block the bullfrog's attack.
The water moccasin completely misses you.
The yak gores you but does no damage. The bullfrog misses you.
Unknown command.
You barely miss the moth of wrath. You bite the moth of wrath.
You drain its power.
You feel invigorated.
The moth of wrath is severely wounded.
You block the water moccasin's attack. The moth of wrath bites you.
* * * LOW HITPOINT WARNING * * *
You block PidgeyThePirate's ghost's attack.
The bullfrog hits you but does no damage.
The yak gores you!
* * * LOW HITPOINT WARNING * * *
You slash the moth of wrath! You freeze the moth of wrath.
You kill the moth of wrath!
Trog accepts your kill. You block the water moccasin's attack.
The bullfrog closely misses you.
You block PidgeyThePirate's ghost's attack.
The water moccasin barely misses you. The yak gores you!
You die...

#### ######.........#†.#
...#
######......#######...##
##.#######.............###
#####
#.........####.©.####...##
########.##..##### .###..#
#..#....:$(..#..##.#
#.##.##..[###....#.#
####.#.....#†Y?..#.##.# ##
###....#SF##.$@S.# ..#..#
#.
#...#..#.....F#W.##..#.##
#. ##.#....##...#.
.#....#.#######.
#........#....#
.....##.......#.
#.#'#..#.#####.
###F##..#####...
##.#.#..#.....####©###..##
###.
...#.#..#####..........##
#. ...#.#..# ####.#.###.#
## ..##.##.# #...# #.#


You could see a yak (berserk), a water moccasin (berserk), a bullfrog (berserk)
and PidgeyThePirate's ghost.

Vanquished Creatures
  A moth of wrath (D:7)
  The ghost of FromWork the Chopper, an amateur FoBe of Trog (D:4)
  2 water moccasins
  An ice beast (D:7)
  A sky beast (D:7)
  Purgy (Sewer)
  4 black bears
  A necrophage (D:5)
  2 centaurs
  2 kobold brigands (D:7)
  A bullfrog (D:7)
  5 scorpions
  A gnoll sergeant (D:5)
  A water moccasin zombie (D:7)
  A wyvern skeleton (D:7)
  A water moccasin skeleton (D:5)
  5 killer bees (D:7)
  4 wights (D:7)
  3 centaur zombies
  2 hounds
  A human zombie (Ossuary)
  2 jellies
  2 bullfrog skeletons (D:5)
  3 iguanas
  Jessica (D:2)
  A hound zombie (D:5)
  3 mummies
  3 gnolls (D:5)
  A howler monkey skeleton (D:7)
  9 adders
  4 white imps
  2 ufetubi
  An adder zombie (Ossuary)
  3 worms
  3 dart slugs
  7 orcs
  2 bats (D:1)
  6 endoplasms
  2 giant cockroaches (D:4)
  3 goblins
  7 hobgoblins
  4 quokkas
  12 ball pythons
  7 frilled lizards
  3 goblin zombies (Ossuary)
  13 hobgoblin zombies
  A jackal zombie (Ossuary)
  18 kobolds
  8 kobold zombies
  9 orc zombies (Ossuary)
  8 rats
  2 rat zombies (Ossuary)
191 creatures vanquished.

Vanquished Creatures (others)
  3 plants (D:3)
3 creatures vanquished.

Grand Total: 194 creatures vanquished

Notes
Turn   | Place    | Note
-------+----------+-------------------------------------------
     0 | D:1      | Dect the Vine Stalker Berserker began the quest for the
                  | Orb.
     0 | D:1      | Reached XP level 1. HP: 11/11 MP: 2/2
   507 | D:1      | Reached XP level 2. HP: 16/16 MP: 3/3
   868 | D:1      | Reached skill level 3 in Long Blades
  1466 | D:2      | Reached XP level 3. HP: 20/20 MP: 4/4
  1698 | D:2      | You fall into a shaft and drop 1 floor!
  1715 | D:3      | Found a faded altar of an unknown god.
  1752 | D:3      | Reached ** piety under Trog
  1937 | D:3      | Found a burning altar of Makhleb.
  1992 | D:3      | Gained mutation: Your natural rate of healing is unusually
                  | fast. [Vine Stalker growth]
  1992 | D:3      | Reached XP level 4. HP: 24/24 MP: 5/5
  2713 | D:2      | Noticed Jessica
  2717 | D:2      | Killed Jessica
  2718 | D:2      | Reached XP level 5. HP: 25/28 MP: 6/6
  2872 | D:4      | Noticed a black bear
  2879 | D:4      | Killed a black bear
  2880 | D:4      | Reached skill level 4 in Long Blades
  2880 | D:4      | Reached skill level 1 in Shields
  2887 | D:4      | Reached XP level 6. HP: 32/32 MP: 7/7
  2946 | D:4      | Found a runed translucent door.
  2946 | D:4      | Noticed FromWork's ghost (amateur FoBe)
  3061 | D:4      | Found a staircase to the Ecumenical Temple.
  3131 | D:4      | Found a sand-covered staircase.
  3153 | Ossuary  | Entered an ossuary
  3171 | Ossuary  | Reached *** piety under Trog
  3338 | Ossuary  | Reached **** piety under Trog
  3377 | Ossuary  | Identified the +3 ring mail of Hairiness {rC+ rCorr Dex+4
                  | SInv}
  3463 | D:4      | Reached XP level 7. HP: 37/37 MP: 8/8
  3877 | D:4      | Killed FromWork's ghost
  3878 | D:4      | Reached skill level 5 in Long Blades
  3908 | D:5      | Entered Level 5 of the Dungeon
  4056 | D:5      | Gained mutation: You have razor-sharp teeth. [Vine Stalker
                  | growth]
  4056 | D:5      | Reached XP level 8. HP: 34/42 MP: 7/9
  4099 | D:5      | Found a glowing drain.
  4122 | D:5      | Found a broken altar of Ashenzari.
  4132 | Sewer    | Entered a sewer
  4146 | Sewer    | Noticed Purgy
  4156 | Sewer    | Killed Purgy
  4483 | D:5      | Reached skill level 6 in Long Blades
  4845 | D:5      | Found a blossoming altar of Fedhas.
  5101 | D:6      | Reached skill level 5 in Shields
  5101 | D:6      | Reached XP level 9. HP: 45/46 MP: 10/10
  5162 | D:6      | Reached skill level 7 in Long Blades
  5201 | D:6      | Reached ***** piety under Trog
  5482 | D:7      | Found a transporter.
  5483 | D:7      | Noticed PidgeyThePirate's ghost (novice FoFi)
  5513 | D:7      | Reached skill level 5 in Fighting
  5852 | D:7      | Found a sacrificial altar of Ru.
  5861 | D:7      | Noticed a moth of wrath
  5878 | D:7      | Found a transporter.
  6136 | D:7      | Reached skill level 8 in Long Blades
  6230 | D:7      | Reached XP level 10. HP: 51/51 MP: 11/11
  6234 | D:7      | HP: 1/76 [yak (6)]
  6235 | D:7      | Killed a moth of wrath
  6235 | D:7      | Mangled by a yak

Illustrated notes

Levels and vault maps discovered:
D:1:      dpeg_arrival_leaves_temple_mockup, layout_loops_corners,
          ebering_dispersal_statue_hall
D:2:      layout_rooms, kennysheep_jessica_study
D:3:      layout_loops_ring, overflow_temple_1_default,
          hellmonk_ecumenical_altar_lost_god, serial_bayou_pond_b
D:4:      layout_loops_ring, minmay_temple_entry_drinking_statues,
          nicolae_ossuary_entry_giza, gammafunk_ghost_grave
D:5:      layout_cave_pods, fedhas_altar_4, cheibrodos_ashenzari_chains,
          gup_sewer_entry_glass
D:6:      layout_rooms
D:7:      layout_loops_ring, mainiacjoe_overflow_surrounded_room,
          gammafunk_ghost_berserking_beasts

Skill      XL: |  1  2  3  4  5  6  7  8  9 |
---------------+----------------------------+-----
Fighting       | 3 4 5 |  5.3
Long Blades    | 3 4 5 6 8 |  8.2
Armour         | 2 3 4 |  4.2
Dodging        | 2 3 |  3.5
Shields        | 1 2 3 5 6 |  6.9

Action                   |  1- 3 |  4- 6 |  7- 9 | 10-12 || total
-------------------------+-------+-------+-------+-------++-------
Melee: Falchion          |    70 |   198 |    56 |       ||   324
       Bite              |    26 |    84 |   115 |     3 ||   228
       Demon blade       |       |       |   180 |     6 ||   186
Invok: Berserk           |     3 |     2 |     5 |       ||    10
  Use: Scroll            |       |       |     6 |       ||     6
       Potion            |       |       |     6 |       ||     6
 Stab: Sleeping          |     1 |       |       |       ||     1
Armor: Animal skin       |     2 |       |       |       ||     2
       Scale mail        |    17 |    98 |       |       ||   115
       Ring mail         |       |     1 |    79 |     6 ||    86
Dodge: Dodged            |    39 |    84 |   106 |     6 ||   235
Block: Kite shield       |     1 |    92 |   156 |     9 ||   258
       Rpst.: Falchion   |    20 |    30 |     7 |       ||    57
       Demon blade       |       |       |    29 |       ||    29

Table legend: (Time is in decaauts)
 A = Elapsed time spent in this place.
 B = Non-inter-level travel time spent in this place.
 C = Inter-level travel time spent in this place.
 D = Time resting spent in this place.
 E = Time spent auto-exploring this place.
 F = Levels seen in this place.
 G = Mean time per level.
                   A        B        C        D        E       F      G
               +--------+--------+--------+--------+--------+-----+--------+
         Total |   6475 |   6292 |    183 |    591 |   4349 |   9 |  719.4 |
       Dungeon |   5910 |   5727 |    183 |    516 |   4138 |   7 |  844.3 |
         Sewer |    277 |    277 |      0 |     75 |    127 |   1 |  277.0 |
       Ossuary |    286 |    286 |      0 |      0 |     84 |   1 |  286.0 |
               +--------+--------+--------+--------+--------+-----+--------+

Top non-repeatable levels by time:
     D:1: 1490 daAuts
     D:7: 870 daAuts
     D:4: 844 daAuts
     D:5: 842 daAuts
     D:3: 832 daAuts
     D:2: 597 daAuts
     D:6: 433 daAuts
 Ossuary: 286 daAuts
   Sewer: 277 daAuts
